 Dungeon Crawl Stone Soup version 0.19-a0-1714-gcab94ab (webtiles) character file.

1038 Amnesiac the Magician (level 8, -7/43 HPs)
             Began as a Deep Elf Enchanter on Sept 28, 2016.
             Mangled by an orc priest
             ... wielding a +2 whip of electrocution
              (16 damage)
             ... on level 4 of the Dungeon.
             The game lasted 00:11:14 (3345 turns).

Amnesiac the Magician (Deep Elf Enchanter)          Turns: 3345, Time: 00:11:14

Health: -7/43      AC:  5    Str:  5    XL:     8   Next: 4%
Magic:  1/20       EV: 14    Int: 21    God:
Gold:   171        SH:  0    Dex: 17    Spells: 5 memorised, 8 levels left

rFire  + . .     SeeInvis .     a - +1 dagger
rCold  . . .     Gourm    .     b - +1 robe
rNeg   . . .     Faith    .     (no shield)
rPois  .         Spirit   .     i - +0 helmet
rElec  .         Dismiss  .     (no cloak)
rCorr  .         Reflect  .     (no gloves)
MR     .....     Harm     .     (no boots)
Stlth  +++.......               (no amulet)
                                (no ring)
                                (no ring)

@: drained
A: fire resistance 1, sense surroundings 1
a: no special abilities


You were on level 4 of the Dungeon.
You were not hungry.

You visited 1 branch of the dungeon, and saw 5 of its levels.

You collected 171 gold pieces.

Inventory:

Hand Weapons
 a - a +1 dagger (weapon)
Armour
 b - a +1 robe (worn)
 i - a +0 helmet (worn)
Wands
 l - a wand of hasting (3/9)
 o - a wand of acid (2/15)
 t - a wand of random effects (22/48)
Scrolls
 d - a scroll of immolation {unknown}
 h - a scroll of enchant armour {unknown}
 k - 6 scrolls of identify {unknown}
 p - a scroll of fear {unknown}
 r - a scroll of random uselessness {unknown}
 u - a scroll of enchant weapon {unknown}
 v - a scroll of teleportation {unknown}
Potions
 e - a potion of curing
 f - a potion of magic {unknown}
 g - 4 potions of heal wounds {unknown}
 j - a potion of cancellation {unknown}
 s - a potion of mutation {unknown}
Books
 c - a book of Maledictions

   Spells                             Type                      Level
   a - Corona                         Hexes                        1
   b - Ensorcelled Hibernation        Hexes/Ice                    2
   c - Confuse                        Hexes                        3
   d - Tukima's Dance                 Hexes                        3
   e - Dazzling Spray                 Conjuration/Hexes            3
 n - a book of Air

   Spells                             Type                      Level
   a - Shock                          Conjuration/Air              1
   b - Swiftness                      Charms/Air                   2
   c - Repel Missiles                 Charms/Air                   2
   d - Static Discharge               Conjuration/Air              3
   e - Lightning Bolt                 Conjuration/Air              5
Comestibles
 m - a meat ration
 q - a beef jerky
 w - 3 chunks of flesh


   Skills:
 + Level 1.6(1.2) Fighting
 + Level 4.0(3.5) Short Blades
 + Level 3.7(3.2) Dodging
 * Level 6.8(6.3) Stealth
 * Level 6.9(6.4) Spellcasting
 * Level 6.6(6.1) Hexes


You had 8 spell levels left.
You knew the following spells:

 Your Spells              Type           Power        Failure   Level  Hunger
a - Corona                Hex            ####...      1%          1    None
b - Dazzling Spray        Conj/Hex       ###...       10%         3    #......
e - Confuse               Hex            ####....     2%          3    #......
f - Ensorcelled Hibernat  Hex/Ice        ###...       4%          2    None
w - Tukima's Dance        Hex            ####....     2%          3    #......


Dungeon Overview and Level Annotations

Branches:
Dungeon (5/15)
 Temple: D:4-7

Altars:
Makhleb

Annotations:
D:3 Terence


Innate Abilities, Weirdness & Mutations

Your flesh is heat resistant. (rF+)
You passively map a small area around you.


Message History

Unknown command.
The orc priest calls down the wrath of Beogh upon you.
Beogh smites you!
Unknown command.
Casting: Confuse
Confirm with . or Enter, or press ? or * to list all spells.
Aiming: Ensorcelled Hibernation
Press: ? - help, Shift-Dir - straight line, f/p - orc priest
Aim: an orc priest, wielding a whip (chance to defeat MR: 50%)
The orc priest resists with some effort.
The orc priest looks braver for a moment.
Unknown command.
The orc priest invokes the aid of Beogh against you.
Pain shoots through your body!
An orc priest comes into view. It is wielding a whip of electrocution.
Unknown command.
The orc priest hits you with a whip of electrocution.
* * * LOW HITPOINT WARNING * * *
You are electrocuted!
You die...

#......# #.....#
#.##....## #......###
#.....# #.##.##...
######>..# #.....#
#.##.##... ###.####.....#
#.##.##... #)##......##
#.##..#... ##.........#
#.###.#...
########..........## #.#
#.#...
J..........)###.o..### #.#
#.#.##
####.....##.####@#.<.# #.#
#...#
####.######)..#..###.###.#
###.# .....#...>..#o#.##
#..##.# #.##
######......#.#.# ##.##.#
#.#. # #......#.#o##
#.##@# #W.. #
#......#....# #.##.# #...
# #......#.##.# #..#.#
#... ######.######.##.##
##.#.#####...
......[######.##..#
#..>....#.##


You could see 2 orc priests.

Vanquished Creatures
  Eustachio (D:4)
  The ghost of dobroeutro the Insei, an amateur DsFi (D:4)
  Menkaure (D:4)
  Duvessa (D:5)
  A sky beast (D:4)
  2 ogres (D:5)
  Dowan (D:5)
  A crimson imp (D:4)
  A jelly (D:5)
  A hound (D:4)
  An orc wizard (D:4)
  An iguana (D:4)
  3 worker ants
  3 gnolls (D:4)
  2 adders
  An ooze (D:4)
  2 adder skeletons
  2 worms
  2 leopard geckos
  6 orcs (D:4)
  2 giant cockroaches
  A goblin (D:2)
  A hobgoblin (D:2)
  2 quokkas
  A ball python (D:4)
  4 bats (D:2)
  2 frilled lizards
  A jackal skeleton (D:4)
  A kobold (D:2)
  A quokka skeleton (D:4)
  A rat (D:2)
51 creatures vanquished.

Notes
Turn   | Place    | Note
-------+----------+-------------------------------------------
     0 | D:1      | Amnesiac the Deep Elf Enchanter began the quest for the Orb.
     0 | D:1      | Reached XP level 1. HP: 10/10 MP: 6/6
   340 | D:3      | Noticed Terence
   461 | D:2      | Reached XP level 2. HP: 13/15 MP: 6/8
   465 | D:2      | Learned a level 2 spell: Ensorcelled Hibernation
   578 | D:4      | Reached XP level 3. HP: 19/19 MP: 7/9
   608 | D:4      | Noticed Menkaure
   608 | D:4      | Noticed dobroeutro's ghost (amateur DsFi)
   614 | D:4      | Learned a level 3 spell: Confuse
   643 | D:4      | Noticed Eustachio
   839 | D:4      | Killed Eustachio
   839 | D:4      | Reached skill level 5 in Spellcasting
   839 | D:4      | Reached XP level 4. HP: 24/24 MP: 8/13
   839 | D:4      | Reached XP level 5. HP: 28/28 MP: 8/14
   919 | D:4      | Found a burning altar of Makhleb.
   927 | D:4      | Reached skill level 5 in Stealth
   927 | D:4      | Reached skill level 5 in Hexes
  1557 | D:4      | Killed dobroeutro's ghost
  1557 | D:4      | Reached XP level 6. HP: 20/33 MP: 2/16
  1562 | D:4      | Learned a level 3 spell: Tukima's Dance
  1566 | D:4      | Learned a level 3 spell: Dazzling Spray
  1912 | D:4      | Reached skill level 1 in Fighting
  2102 | D:4      | Killed Menkaure
  2334 | D:5      | Entered Level 5 of the Dungeon
  2347 | D:5      | Reached XP level 7. HP: 38/38 MP: 13/18
  2391 | D:5      | Noticed Duvessa
  2450 | D:4      | HP: 1/38 [something (5)]
  2908 | D:4      | Gained mutation: Your flesh is heat resistant. (rF+) [mutagenic meat]
  2911 | D:4      | Gained mutation: Your spells are a little easier to cast, but a little less powerful. [mutagenic meat]
  2914 | D:4      | Gained mutation: You passively map a small area around you. [mutagenic meat]
  2917 | D:4      | Lost mutation: Your spells are a little easier to cast, but a little less powerful. [mutagenic meat]
  2992 | D:5      | Noticed Dowan
  3029 | D:5      | Killed Dowan
  3133 | D:5      | Killed Duvessa
  3135 | D:5      | Reached XP level 8. HP: 41/43 MP: 1/20
  3345 | D:4      | Mangled by an orc priest

Vault maps used:
D:1:      nicolae_arrival_washed_ashore
D:2:      serial_forest, infiniplex_forest_clump_long,
          infiniplex_forest_straight_5, infiniplex_forest_straight_4,
          infiniplex_forest_end_2, infiniplex_forest_3_way,
          infiniplex_forest_straight_2, first_bread, minmay_misc_feat_columns
D:3:      vehumet_crystals, zin_academy, fedhas_altar_3,
          overflow_temple_1_default, tgw_sif, uniq_crazy_yiuf_cottage,
          uniq_terence
D:4:      makhleb_grotto_becter, uniq_menkaure, uniq_eustachio
D:5:      uniq_duvessa, uniq_grinder

Skill      XL: |  1  2  3  4  5  6  7 |
---------------+----------------------+-----
Short Blades   | 2 3 4 |  4.0
Stealth        | 4 5 6 |  6.8
Spellcasting   | 5 6 |  6.9
Hexes          | 5 6 |  6.6
Fighting       | 1 |  1.6
Dodging        | 3 |  3.7

Action                   |  1- 3 |  4- 6 |  7- 9 || total
-------------------------+-------+-------+-------++-------
Melee: Dagger            |    47 |    77 |    39 ||   163
 Cast: Corona            |     7 |       |       ||     7
       Ensorcelled Hiber |     4 |    24 |    23 ||    51
       Confuse           |     5 |    23 |    22 ||    50
       Dazzling Spray    |       |       |     1 ||     1
  Use: Potion            |       |     1 |     1 ||     2
 Stab: Sleeping          |     8 |    13 |    11 ||    32
       Confused          |     2 |    10 |     5 ||    17
  Eat: Chunk             |       |     1 |     8 ||     9
       Bread ration      |       |     1 |       ||     1
Armor: Robe              |    23 |    19 |    13 ||    55
Dodge: Dodged            |    23 |    30 |    30 ||    83
